 Dungeon Crawl Stone Soup version 0.28.0 (webtiles) character file.

Game seed: 15828391486271201662

82 HallandMoats the Skirmisher (level 4, -3/37 HPs)
             Began as a Demonspawn Monk on Feb 6, 2022.
             Slain by Grinder (5 damage)
             ... on level 3 of the Dungeon.
             The game lasted 00:04:05 (2370 turns).

HallandMoats the Skirmisher (Demonspawn Monk)       Turns: 2370, Time: 00:04:06

Health: -3/37      AC:  6    Str: 14    XL:     4   Next: 21%
Magic:  0/5        EV: 15    Int: 11    God:
Gold:   145        SH:  0    Dex: 15    Spells: 3/3 levels left

rFire   . . .      SeeInvis .     - Unarmed
rCold   . . .      Faith    .   (no shield)
rNeg    . . .      Spirit   +   e - +0 ring mail
rPois   .          Reflect  .   (no helmet)
rElec   .          Harm     .   j - +0 cloak
rCorr   .          Rampage  .   (no gloves)
Will    .....                   (no boots)
Stlth   +.........              i - amulet of guardian spirit
HPRegen 0.12/turn               a - +4 ring of evasion
MPRegen 0.09/turn               (no ring)

@: attractive
A: claws 1, spiny 1
a: no special abilities


You were on level 3 of the Dungeon.
You visited 1 branch of the dungeon, and saw 3 of its levels.

You collected 145 gold pieces.

Inventory:

Armour
 e - a +0 ring mail (worn)
 j - a +0 cloak (worn)
Jewellery
 a - a +4 ring of evasion (left claw)
 f - an amulet of reflection
 i - an amulet of guardian spirit (around neck)
Scrolls
 b - 2 scrolls of identify {unknown}
 d - a scroll of amnesia {unknown}
 g - a scroll of holy word {unknown}
 h - a scroll of fog {unknown}
 k - a scroll of enchant armour {unknown}
 n - a scroll of summoning {unknown}
Potions
 c - a potion of attraction
 m - a potion of haste {unknown}


   Skills:
 * Level 3.6 Fighting
 + Level 1.1 Armour
 + Level 3.0 Dodging
 - Level 1.7 Stealth
 * Level 3.3 Unarmed Combat
 + Level 1.7 Invocations


You had 3 spell levels left.
You didn't know any spells.
Your spell library contained the following spells:

 Spells                   Type           Power      Damage    Failure   Level
 Scorch                   Fire           0%         2d5       73%         2
 Conjure Flame            Conj/Fire      0%         6-21      91%         3
 Ignite Poison            Fire/Tmut/Pois 0%         N/A       91%         3
 Flame Wave               Conj/Fire      0%         2d4       100%        4
 Sticky Flame             Conj/Fire      0%         2d3       100%        4
 Summon Cactus Giant      Summ           0%         N/A       100%        6


Dungeon Overview and Level Annotations

Branches:
Dungeon (3/15)

Altars:
Xom

Annotations:
D:3 Grinder


Innate Abilities, Weirdness & Mutations

You have sharp fingernails.
You are partially covered in sharp spines.


Message History

Grinder is struck by your spines. Grinder barely misses you.
You scratch Grinder. You claw Grinder.
Grinder is moderately wounded.
Grinder blinks!
Unknown command.
Unknown command.
Unknown command.
You scratch Grinder.
Grinder is heavily wounded.
Grinder gestures at you. Pain shoots through your body!
You scratch Grinder but do no damage.
Grinder is heavily wounded.
Grinder completely misses you.
Unknown command.
You scratch Grinder.
Grinder is heavily wounded.
Grinder hits you.
You writhe in agony.
* * * LOW HITPOINT WARNING * * *
Unknown command.
Unknown command.
You barely miss Grinder.
Grinder is heavily wounded.
Grinder closely misses you.
Unknown command.
You closely miss Grinder.
Grinder is heavily wounded.
Grinder is struck by your spines. Grinder hits you.
* * * LOW HITPOINT WARNING * * *
You writhe in agony.
* * * LOW HITPOINT WARNING * * *
Unknown command.
You closely miss Grinder.
Grinder is heavily wounded.
Grinder blinks!
Unknown command.
It was a potion of attraction.
You feel attractive to monsters. Grinder hits you.
You die...

# .# ######..#
#...@5..# # #
#.#####.# #
#.#####.#####.# #
#......>......# #
##.#.##.####..#
#.# #.#.##.# #.#
#.#.##.# #.#
#.#.##.####.. #.#
####.#..........#


You could see Grinder.

Vanquished Creatures
  2 adders (D:2)
  A worm (D:2)
  3 orcs (D:3)
  8 ball pythons
  2 bats
  7 endoplasms
  2 giant cockroaches (D:2)
  5 goblins
  5 hobgoblins
  2 jackals (D:2)
  3 quokkas
  7 frilled lizards
  A kobold (D:1)
  13 rats
61 creatures vanquished.

Vanquished Creatures (others)
  2 adders (D:3)
  2 orcs (D:3)
  A hobgoblin (D:3)
  2 quokkas (D:3)
  A kobold (D:3)
8 creatures vanquished.

Grand Total: 69 creatures vanquished

Notes
Turn   | Place    | Note
-------+----------+-------------------------------------------
     0 | D:1      | HallandMoats the Demonspawn Monk began the quest for the
                  | Orb.
     0 | D:1      | Reached XP level 1. HP: 18/18 MP: 1/1
   282 | D:1      | Gained mutation: You are partially covered in sharp spines.
                  | [demonic ancestry]
   282 | D:1      | Reached XP level 2. HP: 14/24 MP: 2/2
   526 | D:1      | Reached skill level 1 in Invocations
   863 | D:2      | Reached XP level 3. HP: 29/29 MP: 3/3
  1539 | D:2      | Discovered your monstrous ancestry.
  1539 | D:2      | Gained mutation: You have sharp fingernails. [demonic
                  | ancestry]
  1539 | D:2      | Reached XP level 4. HP: 30/36 MP: 5/5
  1618 | D:2      | Reached skill level 1 in Armour
  2079 | D:3      | Found a shimmering altar of Xom.
  2321 | D:3      | Noticed Grinder
  2329 | D:3      | Paralysed by Grinder for 6 turns
  2340 | D:3      | Paralysed by Grinder for 2 turns
  2349 | D:3      | Paralysed by Grinder for 7 turns
  2370 | D:3      | Slain by Grinder

Illustrated notes

Levels and vault maps discovered:
D:1:      dpeg_arrival_ratfight, layout_rooms, grunt_decor_arrowhead,
          chequers_serial_rivers_room_b
D:2:      layout_loops_ring, kennysheep_cross_room
D:3:      layout_loops_ring, xom_confusion_cloud,
          shapermc_ecumenical_altar_venn, grunt_ministairs_11,
          uniq_crazy_yiuf_cottage, uniq_grinder, uniq_pargi

Skill      XL: |  1  2  3  4 |
---------------+-------------+-----
Invocations    | 1 |  1.7
Unarmed Combat | 3 |  3.3
Dodging        | 3 |  3.0
Armour         | 1 |  1.1
Fighting       | |  3.6
Stealth        | |  1.7

Action                   |  1- 3 |  4- 6 || total
-------------------------+-------+-------++-------
Melee: Unarmed           |   141 |    52 ||   193
       Punch             |     3 |     1 ||     4
  Use: Potion            |     2 |     3 ||     5
 Stab: Sleeping          |     2 |       ||     2
Armor: Ring mail         |    43 |    11 ||    54
Dodge: Dodged            |    36 |    15 ||    51
Block: Other             |    26 |       ||    26
